 Dungeon Crawl Stone Soup version 0.26-a0-163-g6c8a0bf695 (webtiles) character file.

Game seed: 9688702450066666448

107 Wormfoot the Vexing (level 4, 0/51 HPs)
             Began as a Gnoll Arcane Marksman on July 3, 2020.
             Killed by divine providence
             ... invoked by an orc priest
              (15 damage)
             ... on level 2 of the Dungeon.
             The game lasted 00:09:42 (633 turns).

Wormfoot the Vexing (Gnoll Arcane Marksman)          Turns: 633, Time: 00:09:42

Health: 0/51       AC:  2    Str: 12    XL:     4   Next: 85%
Magic:  8/8        EV: 15    Int: 15    God:
Gold:   94         SH:  0    Dex: 17    Spells: 8/9 levels left

rFire    . . .     SeeInvis .   c - +0 short sword
rCold    . . .     Faith    .   (no shield)
rNeg     . . .     Spirit   .   e - +0 robe
rPois    .         Reflect  .   (no helmet)
rElec    .         Harm     .   (no cloak)
rCorr    .                      (no gloves)
MR       .....                  (no boots)
Stlth    ..........             (no amulet)
HPRegen  0.17/turn              (no ring)
MPRegen  0.11/turn              (no ring)

@: berserking, flying, very quick
A: distributed training, fangs 1, strong nose
a: no special abilities


You were on level 2 of the Dungeon.
You were not hungry.

You visited 1 branch of the dungeon, and saw 2 of its levels.

You collected 94 gold pieces.

Inventory:

Hand Weapons
 a - a +0 hand crossbow
 c - a +0 short sword (weapon)
 i - a +0 club
Missiles
 d - 36 bolts
Armour
 e - a +0 robe (worn)
Scrolls
 g - 2 scrolls of identify
 k - a scroll of teleportation
Potions
 j - 2 potions of brilliance
Comestibles
 b - a chunk of flesh
 f - 5 rations


   Skills:
 + Level 2.8 Fighting
 + Level 1.2 Short Blades
 + Level 1.2 Long Blades
 + Level 1.2 Axes
 + Level 1.2 Maces & Flails
 + Level 1.2 Polearms
 + Level 1.2 Staves
 + Level 1.2 Slings
 + Level 1.2 Bows
 + Level 4.7 Crossbows
 + Level 1.2 Throwing
 + Level 1.2 Armour
 + Level 4.7 Dodging
 + Level 1.2 Stealth
 + Level 1.2 Shields
 + Level 1.2 Unarmed Combat
 + Level 3.0 Spellcasting
 + Level 1.0 Conjurations
 + Level 5.5 Hexes
 + Level 1.0 Charms
 + Level 1.0 Summonings
 + Level 1.0 Necromancy
 + Level 1.0 Translocations
 + Level 1.0 Transmutations
 + Level 1.0 Fire Magic
 + Level 1.0 Ice Magic
 + Level 1.0 Air Magic
 + Level 1.0 Earth Magic
 + Level 1.0 Poison Magic
 + Level 1.3 Invocations
 + Level 1.2 Evocations


You had 8 spell levels left.
You knew the following spells:

 Your Spells              Type           Power        Failure   Level  Hunger
a - Corona                Hex            ###....      1%          1    #......

Your spell library contained the following spells:

 Spells                   Type           Power        Failure   Level  Hunger
 Slow                     Hex            ###.....     3%          2    ##.....
 Inner Flame              Hex/Fire       ##......     16%         3    ###....
 Portal Projectile        Hex/Tloc       ##....       16%         3    ###....
 Cause Fear               Hex            ###.......   21%         4    #####..
 Leda's Liquefaction      Hex/Erth       ##........   45%         4    #####..


Dungeon Overview and Level Annotations

Branches:
Dungeon (2/15)

Altars:
Cheibriados


Innate Abilities, Weirdness & Mutations

Your experience applies equally to all skills.
You have very sharp teeth.
Your uncanny sense of smell can sniff out nearby items.


Message History

* * * LOW HITPOINT WARNING * * *
You puncture the orc wizard! You bite the orc wizard.
You kill the orc wizard!
Your Conjurations skill increases to level 1!
Your Charms skill increases to level 1!
Your Summonings skill increases to level 1!
Your Necromancy skill increases to level 1!
Your Translocations skill increases to level 1!
Your Transmutations skill increases to level 1!
Your Fire Magic skill increases to level 1!
Your Ice Magic skill increases to level 1!
Your Air Magic skill increases to level 1!
Your Earth Magic skill increases to level 1!
Your Poison Magic skill increases to level 1!
Unknown command.
You puncture the orc priest!
The orc priest is heavily wounded.
The orc priest invokes the aid of Beogh against you.
Beogh smites you!
You die...

#....##.ooo.##.# ##.
+....#.......#.# #.
#....#.≈...≈.#.# ##
#....#.......#.# #
#...)#.......#.# .
#....#.......#.# ##
#####....#.≈...≈.#.#
#......)(#)......#.#
#.####†#.@o(.(.....#
#.#####..(.........#
#.#....#..##########
#.#.#.....# ...
#.#.#.# #.# #.....#
#(....#.#.#
#####.....#


You could see an orc priest.

Vanquished Creatures
  An orc priest (D:2)
  2 orc wizards (D:2)
  An ooze (D:1)
  3 orcs (D:2)
  3 goblins
  3 hobgoblins (D:1)
  2 jackals (D:1)
  2 bats (D:2)
  4 kobolds
  2 rats (D:1)
23 creatures vanquished.

Vanquished Creatures (others)
  4 toadstools (D:1)
4 creatures vanquished.

Grand Total: 27 creatures vanquished

Notes
Turn   | Place    | Note
-------+----------+-------------------------------------------
     0 | D:1      | Wormfoot the Gnoll Arcane Marksman began the quest for the
                  | Orb.
     0 | D:1      | Reached XP level 1. HP: 17/17 MP: 4/4
   133 | D:1      | Reached XP level 2. HP: 23/23 MP: 5/5
   403 | D:2      | Found a snail-covered altar of Cheibriados.
   579 | D:2      | Reached XP level 3. HP: 28/28 MP: 7/7
   603 | D:2      | Reached skill level 1 in Invocations
   621 | D:2      | Reached skill level 1 in Short Blades
   621 | D:2      | Reached skill level 1 in Long Blades
   621 | D:2      | Reached skill level 1 in Axes
   621 | D:2      | Reached skill level 1 in Maces & Flails
   621 | D:2      | Reached skill level 1 in Polearms
   621 | D:2      | Reached skill level 1 in Staves
   621 | D:2      | Reached skill level 1 in Slings
   621 | D:2      | Reached skill level 1 in Bows
   621 | D:2      | Reached skill level 1 in Throwing
   621 | D:2      | Reached skill level 1 in Armour
   621 | D:2      | Reached skill level 1 in Stealth
   621 | D:2      | Reached skill level 1 in Shields
   621 | D:2      | Reached skill level 1 in Unarmed Combat
   621 | D:2      | Reached skill level 1 in Evocations
   629 | D:2      | Reached XP level 4. HP: 16/34 MP: 8/8
   632 | D:2      | Reached skill level 1 in Conjurations
   632 | D:2      | Reached skill level 1 in Charms
   632 | D:2      | Reached skill level 1 in Summonings
   632 | D:2      | Reached skill level 1 in Necromancy
   632 | D:2      | Reached skill level 1 in Translocations
   632 | D:2      | Reached skill level 1 in Transmutations
   632 | D:2      | Reached skill level 1 in Fire Magic
   632 | D:2      | Reached skill level 1 in Ice Magic
   632 | D:2      | Reached skill level 1 in Air Magic
   632 | D:2      | Reached skill level 1 in Earth Magic
   632 | D:2      | Reached skill level 1 in Poison Magic
   633 | D:2      | Killed from afar by an orc priest

Illustrated notes

Levels and vault maps discovered:
D:1:      ldierk_water_garden, layout_rooms
D:2:      cheibrodos_pilgrimage, layout_basic, lemuel_crystal_altar,
          serial_glass, glass_columns_a, glass_columns_a, due_unseen_surprise,
          feat_on_display, feat_on_display

Skill      XL: |  1  2  3  4 |
---------------+-------------+-----
Invocations    | 1 |  1.3
Short Blades   | 1 |  1.2
Long Blades    | 1 |  1.2
Axes           | 1 |  1.2
Maces & Flails | 1 |  1.2
Polearms       | 1 |  1.2
Staves         | 1 |  1.2
Slings         | 1 |  1.2
Bows           | 1 |  1.2
Throwing       | 1 |  1.2
Armour         | 1 |  1.2
Stealth        | 1 |  1.2
Shields        | 1 |  1.2
Unarmed Combat | 1 |  1.2
Evocations     | 1 |  1.2
Spellcasting   | 3 |  3.0
Conjurations   | 1 |  1.0
Charms         | 1 |  1.0
Summonings     | 1 |  1.0
Necromancy     | 1 |  1.0
Translocations | 1 |  1.0
Transmutations | 1 |  1.0
Fire Magic     | 1 |  1.0
Ice Magic      | 1 |  1.0
Air Magic      | 1 |  1.0
Earth Magic    | 1 |  1.0
Poison Magic   | 1 |  1.0
Fighting       | |  2.8
Crossbows      | |  4.7
Dodging        | |  4.7
Hexes          | |  5.5

Action                   |  1- 3 |  4- 6 || total
-------------------------+-------+-------++-------
Melee: Short sword       |     4 |     4 ||     8
       Bite              |       |     1 ||     1
 Fire: Hand crossbow     |    52 |       ||    52
  Use: Scroll            |     4 |       ||     4
       Potion            |     3 |       ||     3
Armor: Robe              |     2 |       ||     2
Dodge: Dodged            |    16 |     2 ||    18

Table legend:
 A = Non-vault XP
 B = Vault XP
 C = Vault XP percentage of total XP
 D = Non-vault monster count
 E = Vault monster count
 F = Vault count percentage of total count
                 A         B        C        D         E       F
            +---------+---------+-------+---------+---------+-------
      Total |      33 |     120 |  78.4 |      17 |       6 |  26.1
            +---------+---------+-------+---------+---------+-------
        D:1 |      27 |       0 |   0.0 |      13 |       0 |   0.0
        D:2 |       6 |     120 |  95.2 |       4 |       6 |  60.0
            +---------+---------+-------+---------+---------+-------
